Map: Torres crepusculares

Players

xXkazperXx - Winner!

  • Race: Zerg Zerg
  • League: Bronze

Chris

  • Race: Terran Terran

VOD

Have the link to the VOD?

Description

Time

  • Played on: April 3, 2016, 2:08 a.m.
  • Length: 32:24
Show
View Real Time Build Order
Export as new Build Order

xXkazperXx Zerg - Winner!

Build Orders: Pool First, Lurkers 

Get SALT Encoding   

  12  0:01  Drone  
  13  0:13  Overlord  
  13  0:24  Extractor  
  12  0:33  Spawning Pool  
  11  0:36  Drone  
  12  0:50  Drone  
  12  0:51  Drone  
  14  1:20  Queen  
  14  1:21  Zergling x4  
  14  1:22  Zergling x2  
  19  1:28  Metabolic Boost  
  19  1:36  Zergling x2  
  20  1:45  Zergling x2  
  21  2:16  Roach Warren  
  21  2:17  Drone x2  
  21  2:18  Overlord  
  22  2:40  Zergling x6  
  27  3:05  Roach  
  27  3:06  Roach  
  29  3:20  Hatchery  
  27  3:35  Burrow  
  27  3:48  Zergling x6  
  27  3:49  Overlord x2  
  30  4:14  Drone  
  30  4:15  Drone x2  
  33  4:18  Drone x2  
  33  4:19  Drone  
  36  4:38  Drone  
  36  4:39  Drone  
  36  4:41  Drone  
  39  4:50  Lair  
  39  4:59  Extractor  
  38  5:04  Drone x3, Extractor  
  40  5:40  Zergling x6  
  43  5:47  Drone x3  
  43  5:49  Zergling x4  
  48  5:58  Hydralisk Den  
  47  6:05  Ravager x2  
  33  6:54  Hydralisk x4  
  33  7:01  Spawning Pool  
  40  7:06  Drone x2  
  40  7:07  Drone x2  
  44  7:10  Queen  
  44  7:11  Hatchery  
  45  7:16  Lurker Den  
  45  7:37  Baneling Nest  
  45  7:39  Tunneling Claws  
  45  7:41  Roach x2  
  45  7:42  Roach  
  45  7:44  Overlord x2  
  50  7:51  Zergling x4  
  52  8:33  Roach x3  
  58  8:42  Drone x3  
  58  8:45  Drone x3  
  64  9:00  Spine Crawler  
  63  9:03  Muscular Augments  
  63  9:06  Lurker x4  
  64  9:37  Baneling x5  
  64  9:52  Baneling x3  
  63  10:22  Drone  
  63  10:23  Drone x5  
  69  10:29  Spire  
  68  10:38  Drone x5  
  73  11:01  Overlord x3  
  73  11:13  Infestation Pit  
  72  11:19  Drone x3  
  72  11:22  Extractor  
  74  11:28  Extractor  
  73  11:36  Roach x6  
  68  11:47  Mutalisk x5  
  68  11:48  Mutalisk  
  68  12:19  Drone  
  68  12:20  Drone  
  70  12:46  Mutalisk x2  
  70  12:47  Mutalisk  
  70  12:49  Zerg Flyer Weapons Level 1  
  70  12:50  Mutalisk x6  
  88  12:57  Extractor  
  87  13:03  Hatchery  
  80  13:57  Lair  
  80  13:59  Mutalisk x2  
  80  15:26  Mutalisk x5  
  90  15:31  Drone x2  
  90  15:32  Drone  
  93  15:54  Hive  
  93  16:10  Corruptor x2  
  97  16:12  Overlord  
  97  16:15  Overlord x2  
  97  16:43  Pneumatized Carapace  
  97  17:11  Greater Spire  
  97  17:12  Corruptor x3  
  97  17:14  Corruptor x3  
  109  17:21  Drone x3  
  112  17:24  Drone  
  112  17:26  Drone  
  114  18:02  Hydralisk  
  114  18:03  Hydralisk x2  
  121  18:05  Zergling x2  
  121  18:06  Overlord  
  121  18:07  Overlord  
  121  18:21  Hatchery  
  120  18:32  Hatchery  
  119  18:50  Hatchery  
  118  19:23  Brood Lord x8  
  134  19:39  Hatchery, Extractor  
  134  19:40  Extractor  
  134  19:44  Drone  
  132  19:56  Drone x3  
  134  20:34  Hatchery  
  123  21:42  Drone x3  
  123  21:46  Drone  
  127  21:48  Drone  
  127  21:49  Drone x2  
  130  21:59  Overlord x3  
  130  22:06  Lurker x3  
  133  22:44  Overseer x3  
  133  22:51  Drone x3  
  136  23:03  Hatchery  
  135  23:16  Extractor  
  135  23:17  Extractor  
  133  23:20  Mutalisk  
  133  23:21  Mutalisk x2  
  133  24:02  Overlord  
  133  24:03  Mutalisk x2  
  133  24:05  Mutalisk x2  
  133  24:06  Mutalisk  
  125  24:17  Corruptor x3  
  125  24:19  Corruptor x3  
  127  24:43  Corruptor x3  
  133  24:47  Corruptor x3  
  139  24:54  Mutalisk x3  
  139  24:59  Mutalisk  
  145  25:00  Mutalisk x2  
  145  25:02  Mutalisk  
  145  25:03  Mutalisk  
  155  25:14  Drone  
  156  25:30  Brood Lord  
  158  25:43  Queen  
  160  25:50  Drone x3  
  160  25:53  Drone x3  
  166  25:57  Extractor  
  166  26:00  Extractor  
  166  26:04  Brood Lord x2  
  168  26:33  Extractor  
  158  27:08  Brood Lord x3  
  158  27:09  Brood Lord x4  
  142  28:22  Spore Crawler x2  
  142  28:23  Spore Crawler  
  142  28:25  Mutalisk x3  
  145  28:27  Mutalisk x3  
  151  28:44  Brood Lord x2  
  155  29:00  Zergling x10  
  155  29:01  Zergling x4, Drone  
  163  29:03  Zergling x12  
  163  29:06  Zergling x6  
  172  29:12  Zergling x6  
  172  29:15  Zergling x6  
  172  29:17  Zergling x6  
  181  29:19  Zergling x6  
  184  29:41  Hatchery  
  155  30:49  Zergling x6  
  158  30:52  Zergling x6  
  158  30:54  Zergling x6  
  158  30:55  Zergling x6  
  167  30:57  Zergling x6  
  167  31:01  Zergling x6  
  167  31:02  Zergling x6  
  167  31:03  Zergling x4  
  167  31:04  Zergling x2  
Show
View Real Time Build Order
Export as new Build Order

Chris Terran 

Build Orders:  

Get SALT Encoding   

  12  0:02  SCV  
  13  0:14  SCV  
  14  0:25  Supply Depot  
  14  0:26  SCV  
  15  0:54  Barracks  
  15  0:57  Supply Depot  
  15  1:06  Barracks  
  15  1:12  SCV  
  16  1:24  SCV  
  17  1:32  Refinery  
  17  1:36  SCV  
  18  1:58  SCV  
  18  1:59  Refinery  
  19  2:10  SCV  
  20  2:17  Marine  
  21  2:24  SCV  
  22  2:35  Marine  
  22  2:36  SCV  
  24  2:41  Engineering Bay  
  24  2:48  SCV  
  25  2:53  Marine  
  26  3:08  Barracks  
  26  3:09  Orbital Command  
  26  3:10  Marine  
  27  3:15  Terran Infantry Weapons Level 1  
  27  3:28  Marine  
  28  3:46  Reaper  
  29  3:56  Barracks  
  29  4:05  Barracks Tech Lab  
  29  4:18  Marine  
  30  4:36  Marine  
  31  4:44  Barracks  
  31  4:58  Supply Depot  
  31  5:09  Terran Infantry Armor Level 1  
  31  5:13  Marine  
  31  5:20  Marauder  
  33  5:21  Supply Depot  
  33  5:30  Barracks Reactor  
  33  5:31  Marine  
  34  5:39  Factory  
  34  5:41  Marauder  
  36  5:45  Supply Depot  
  36  5:49  Marine  
  37  6:03  Marauder  
  39  6:07  Marine  
  40  6:24  Marine, Marauder  
  43  6:42  Marine  
  44  7:02  Marine x2  
  44  7:07  Marauder  
  48  7:19  Marine  
  48  7:20  Marine  
  50  7:25  Factory Tech Lab  
  50  7:28  Marauder  
  52  7:34  Command Center  
  52  7:37  Marine x2  
  52  7:41  Barracks Reactor  
  54  7:55  Marine  
  54  7:58  Starport  
  55  8:09  Marine  
  55  8:23  Bunker  
  55  8:24  Bunker  
  55  8:25  Bunker  
  55  8:35  Starport  
  55  8:45  Marauder  
  57  8:51  Ghost Academy  
  57  8:54  Planetary Fortress  
  57  9:07  Marauder  
  59  9:24  Medivac x2  
  59  9:28  Marauder  
  65  9:34  Siege Tank  
  68  9:51  SCV  
  69  10:03  Marine  
  70  10:54  Supply Depot  
  70  10:59  Personal Cloaking  
  70  11:15  Marine x4, Medivac  
  70  11:16  Marauder  
  70  11:18  Supply Depot  
  78  11:39  Marine x4, Medivac  
  86  11:40  Marauder  
  86  11:42  Supply Depot  
  86  11:46  Liberator  
  86  11:52  Liberator  
  86  11:59  Marine  
  86  12:00  SCV  
  86  12:03  Marine x3  
  86  12:04  Marauder  
  86  12:06  Supply Depot  
  91  12:12  SCV  
  88  12:21  Marine x2  
  82  12:24  SCV  
  82  12:25  Marauder  
  82  12:29  Liberator  
  85  12:30  Supply Depot  
  85  12:35  Liberator, Missile Turret  
  85  12:36  SCV  
  86  12:46  Marauder, Missile Turret  
  91  12:56  Missile Turret  
  94  13:06  Missile Turret  
  94  13:11  Siege Tank  
  97  13:15  Marine x2  
  97  13:18  Missile Turret  
  97  13:19  Marine  
  100  13:28  Missile Turret  
  100  13:32  Marine  
  100  13:33  Marine  
  102  13:40  Refinery  
  102  13:41  Refinery  
  102  13:43  Siege Tank  
  105  13:49  Missile Turret  
  105  13:50  Marine  
  106  14:15  Siege Tank, Missile Turret  
  109  14:36  Missile Turret  
  109  14:47  Siege Tank  
  108  14:56  Missile Turret  
  101  15:11  Missile Turret  
  101  15:18  Missile Turret  
  98  15:23  Marine  
  98  15:24  Marine  
  100  15:32  Missile Turret  
  100  15:36  Marine  
  100  15:37  Marine x2  
  100  15:41  Marine x2  
  105  15:44  Marauder  
  107  15:53  Marine  
  107  15:55  Marine x2  
  107  15:57  Missile Turret  
  110  16:17  Missile Turret  
  110  16:23  Supply Depot  
  110  16:44  Marine x4, Marauder  
  110  16:46  Nuke  
  116  16:47  Supply Depot  
  116  16:54  Barracks Tech Lab  
  116  17:02  Marine x2  
  118  17:09  Marauder, Missile Turret  
  118  17:14  Supply Depot  
  120  17:16  Siege Tank  
  123  17:29  Missile Turret  
  123  17:38  Supply Depot  
  123  17:48  Siege Tank  
  126  18:04  Supply Depot  
  126  18:33  Supply Depot  
  126  18:46  Command Center  
  126  18:59  Supply Depot  
  126  19:24  Supply Depot  
  126  19:48  Supply Depot  
  126  20:13  Supply Depot  
  126  20:38  Supply Depot  
  123  21:00  Starport Tech Lab  
  123  21:02  Starport Reactor  
  123  21:05  Supply Depot  
  63  21:45  Viking x3  
  69  22:13  Ghost Academy  
  69  22:15  Viking x3  
  59  22:45  Viking x3  
  65  23:15  Viking x3  
  71  23:26  Refinery  
  71  23:45  Viking  
  73  23:52  Refinery  
  73  24:15  Viking  
  51  24:43  Ghost  
  51  24:45  Viking  
  55  25:05  Viking x2  
  59  25:12  Ghost  
  61  25:15  Viking  
  63  25:30  Nuke  
  63  25:35  Viking x2  
  63  25:40  Ghost  
  69  25:45  Viking  
  71  25:54  Marine x2  
  73  26:04  Barracks Tech Lab  
  73  26:05  Viking x2  
  73  26:09  Ghost  
  79  26:12  Marine x2  
  79  26:15  Viking  
  83  26:29  Marine  
  83  26:30  Marine  
  85  26:35  Viking x2  
  85  26:37  Ghost  
  91  26:45  Viking  
  93  26:47  Marine  
  93  26:48  Marine  
  95  26:55  Nuke  
  66  28:25  Viking x2  
  70  28:29  Viking  
  72  28:55  Viking x2  
  72  28:59  Viking  
  74  29:25  Viking x2  
  74  29:29  Viking  
  80  29:55  Viking x2  
  80  29:59  Viking  
  74  30:29  Viking  
  64  30:41  Liberator  
  62  30:45  Viking x2  
  69  31:15  Viking x2  
  73  31:24  Liberator  
  47  31:45  Viking x2  
Tags
 
Composition
Lurkers
League
Bronze
Matchup
TvZ
Opening
Pool First
Replay Pack
replays pack
Add a new tag
Caveats
  • Supply blocks, unpowered buildings, or Contaminate may cause inaccurate times.
  • Supply counts are checked every 10 seconds.